 Dungeon Crawl Stone Soup version 0.25-a0-464-g3004169c2b (webtiles) character file.

Game seed: 17987795645386423088, levelgen mode: deterministic

142 ReteAZ the Magician (level 5, 0/35 HPs)
             Began as a Mummy Fire Elementalist on Feb 5, 2020.
             Slain by an ogre
             ... wielding a +0 giant club
              (8 damage)
             ... on level 3 of the Dungeon.
             The game lasted 00:05:26 (2645 turns).

ReteAZ the Magician (Mummy Fire Elementalist)       Turns: 2645, Time: 00:05:26

Health: 0/35       AC:  2    Str: 12    XL:     5   Next: 4%
Magic:  5/10       EV: 12    Int: 15    God:
Gold:   130        SH:  0    Dex: 12    Spells: 10/11 levels left

rFire    x . .     SeeInvis .   d - +0 whip
rCold    + . .     Gourm    .   (no shield)
rNeg     + + +     Faith    .   a - +0 robe
rPois    ∞         Spirit   .   (no helmet)
rElec    .         Reflect  .   i - scarf {cloud immunity}
rCorr    .         Harm     .   (no gloves)
MR       .....                  (no boots)
Stlth    ++........             (no amulet)
HPRegen  0.11/turn              (no ring)
MPRegen  0.12/turn              (no ring)

@: very slightly contaminated
A: no food or potions, fire vulnerability, cold resistance 1, negative energy
resistance 3, torment resistance, unbreathing
a: no special abilities


You were on level 3 of the Dungeon.
You were not hungry.

You visited 1 branch of the dungeon, and saw 3 of its levels.

You collected 130 gold pieces.

Inventory:

Hand Weapons
 d - a +0 whip (weapon)
Missiles
 b - 129 stones
 g - 8 silver javelins (quivered)
Armour
 a - a +0 robe (worn)
 i - a scarf of cloud immunity (worn)
 m - a +0 crystal plate armour
Jewellery
 c - an uncursed ring of protection from cold {unknown}
Scrolls
 e - 4 scrolls of teleportation {unknown}
 f - a scroll of noise {unknown}
 h - a scroll of amnesia {unknown}
 j - 2 scrolls of identify {unknown}
 k - 2 scrolls of enchant armour {unknown}
 l - 5 scrolls of remove curse {unknown}
 n - 2 scrolls of immolation {unknown}
 o - a scroll of fog {unknown}


   Skills:
 + Level 2.3 Dodging
 + Level 2.4 Stealth
 + Level 3.7 Spellcasting
 + Level 1.8 Conjurations
 + Level 3.0 Fire Magic


You had 10 spell levels left.
You knew the following spells:

 Your Spells              Type           Power        Failure   Level  Hunger
a - Foxfire               Conj/Fire      ##..         7%          1    N/A

Your spell library contained the following spells:

 Spells                   Type           Power        Failure   Level  Hunger
 Conjure Flame            Conj/Fire      ##......     21%         3    N/A
 Inner Flame              Hex/Fire       #.......     30%         3    N/A
 Sticky Flame             Conj/Fire      ##......     56%         4    N/A
 Fireball                 Conj/Fire      ##........   88%         5    N/A

Dungeon Overview and Level Annotations

Branches:
Dungeon (3/15)

Altars:
Ashenzari


Innate Abilities, Weirdness & Mutations

You do not eat or drink.
Your flesh is vulnerable to fire.
You are immune to poison.
Your flesh is cold resistant. (rC+)
You are immune to negative energy. (rN+++)
You are immune to unholy pain and torment.
You can survive without breathing.


Message History

The ogre is heavily wounded.
The adder hisses angrily.
The adder barely misses you.
A gnoll comes into view.
Casting: Foxfire (safe; 7% risk of failure)
Confirm with . or Enter, or press ? or * to list all spells.
You conjure some foxfire!
The gnoll shouts!
The ogre hits you with a +0 giant club!
* * * LOW HITPOINT WARNING * * *
Casting: Foxfire (safe; 7% risk of failure)
Confirm with . or Enter, or press ? or * to list all spells.
You miscast Foxfire.
You are very lightly contaminated with residual magic.
Nothing appears to happen.
The foxfire hits the gnoll.
The gnoll is lightly wounded.
The foxfire hits the adder.
The adder is lightly wounded.
The adder bites you but does no damage. The ogre hits you with a +0 giant club!
You die...

....... #.......#. #.#%..
......... #.......#. #.#...
.........###.####.#. #.#...
...........#.####!### #.#...
.....####†.#........# #†#...
.....#...#gg#####.#.# #)#...
.........#...g.##.#.# #.#.#.
..##.#...####O.##.#.# #.#.#.
...⌠.##O##.⌠#.@##<#.######.#.#.
.#.........#..S...........#.#.
#.#...g...#####..#............
#...†...#......#..#######.#.
...'g..g...'...'..#..#######.#.
..S#.......#...#..#..........#.
#.##...g...#.###..#...########.
.. .........#.....#...# #...
#⌠..#'##.⌠#.........# #.#.


You could see an ogre, 3 gnolls and an adder.

Vanquished Creatures
  Jessica (D:3)
  5 adders
  An ooze (D:2)
  3 worms
  2 dart slugs (D:1)
  A leopard gecko (D:2)
  An orc (D:3)
  4 bats
  6 hobgoblins
  4 jackals (D:2)
  2 quokkas
  A ball python (D:3)
  5 frilled lizards
  11 goblins
  A kobold (D:2)
  8 rats
56 creatures vanquished.

Vanquished Creatures (others)
  165 foxfires
165 creatures vanquished.

Grand Total: 221 creatures vanquished

Notes
Turn   | Place    | Note
-------+----------+-------------------------------------------
     0 | D:1      | ReteAZ the Mummy Fire Elementalist began the quest for the
                  | Orb.
     0 | D:1      | Reached XP level 1. HP: 13/13 MP: 4/4
   324 | D:1      | Reached skill level 1 in Conjurations
   358 | D:1      | Reached XP level 2. HP: 19/19 MP: 2/5
   968 | D:2      | Reached XP level 3. HP: 20/24 MP: 3/7
  1276 | D:2      | Reached XP level 4. HP: 17/30 MP: 1/9
  1575 | D:2      | Found a faded altar of an unknown god.
  2386 | D:3      | Noticed Jessica
  2394 | D:3      | Killed Jessica
  2446 | D:3      | Reached XP level 5. HP: 35/35 MP: 7/10
  2620 | D:3      | Found a shattered altar of Ashenzari.
  2625 | D:3      | Noticed an ogre
  2645 | D:3      | Slain by an ogre

Levels and vault maps discovered:
D:1:      dpeg_arrival_connections, layout_basic, interstate_on_off
D:2:      layout_loops_ring, chequers_ecumenical_altar_island,
          minmay_randomly_rotated_circles
D:3:      layout_basic, evilmike_ruin_ashenzari, nrook_mini_backslash,
          kennysheep_jessica_study

Skill      XL: |  1  2  3  4 |
---------------+-------------+-----
Conjurations   | 1 |  1.8
Spellcasting   | 3 |  3.7
Stealth        | 2 |  2.4
Dodging        | 2 |  2.3
Fire Magic     | 3 |  3.0

Action                   |  1- 3 |  4- 6 || total
-------------------------+-------+-------++-------
Melee: Whip              |    21 |    26 ||    47
       Unarmed           |     1 |       ||     1
 Cast: Foxfire           |    46 |    61 ||   107
 Stab: Sleeping          |     1 |       ||     1
       Distracted        |       |     1 ||     1
Armor: Robe              |     4 |    12 ||    16
Dodge: Dodged            |    17 |    26 ||    43

Table legend:
 A = Non-vault XP
 B = Vault XP
 C = Vault XP percentage of total XP
 D = Non-vault monster count
 E = Vault monster count
 F = Vault count percentage of total count
                 A         B        C        D         E       F
            +---------+---------+-------+---------+---------+-------
      Total |     119 |      85 |  41.7 |      45 |      11 |  19.6
            +---------+---------+-------+---------+---------+-------
        D:1 |      30 |       0 |   0.0 |      17 |       0 |   0.0
        D:2 |      53 |      46 |  46.5 |      15 |       9 |  37.5
        D:3 |      36 |      39 |  52.0 |      13 |       2 |  13.3
            +---------+---------+-------+---------+---------+-------
